 Dungeon Crawl Stone Soup version 0.29.0-4-gdea44cf6ec (webtiles) character file.

Game seed: 1757072482056575760

25 qw the Sneak (level 3, 0/23 HPs)
             Began as a Gargoyle Delver on Sept 10, 2022.
             Slain by a kobold
             ... wielding a +2 whip of freezing
              (5 damage)
             ... on level 4 of the Dungeon.
             The game lasted 00:00:03 (100 turns).

qw the Sneak (Gargoyle Delver)                       Turns: 100, Time: 00:00:04

Health: 0/23       AC:  6    Str: 17    XL:     3   Next: 6%
Magic:  3/3        EV: 11    Int: 10    God:
Gold:   13         SH:  0    Dex: 11    Spells: 2/2 levels left

rFire   . . .      SeeInvis .   a - +0 hand axe
rCold   . . .      Faith    .   (no shield)
rNeg    + . .      Spirit   .   b - +0 leather armour
rPois   inf        Reflect  .   (no helmet)
rElec   +          Harm     .   (no cloak)
rCorr   .          Rampage  .   (no gloves)
Will    .....                   (no boots)
Stlth   +++.......              (no amulet)
HPRegen 0.07/turn               (no ring)
MPRegen 0.08/turn               (no ring)

@: no status effects
A: sickness immunity, AC +3, negative energy resistance 1, electricity
resistance, torment resistance 1, petrification resistance
a: no special abilities


You were on level 4 of the Dungeon.
You visited 1 branch of the dungeon, and saw 2 of its levels.

You collected 13 gold pieces.


Innate Abilities, Weirdness & Mutations

You are immune to sickness and miasma.
Your stone body is resilient. (AC +3)
You are immune to poison.
You resist negative energy. (rN+)
You are resistant to electric shocks. (rElec)
You are resistant to unholy torment.
You are immune to petrification.


   Skills:
 - Level 3.2 Fighting
 + Level 3.1 Axes
 - Level 1.5 Dodging
 - Level 5.4 Stealth


You had 2 spell levels left.
You didn't know any spells.
Your spell library was empty.

Inventory:

Hand Weapons
 a - a +0 hand axe (weapon)
Armour
 b - a +0 leather armour (worn)
Wands
 g - a wand of digging (3)
Scrolls
 c - a scroll of amnesia {unknown}
Potions
 f - a potion of haste

Dungeon Overview and Level Annotations

Branches:
Dungeon (5/15)
 Temple: D:4-7

Altars:


Message History

An iguana and a kobold come into view.
The kobold is wielding a +2 whip of freezing.
Found a scroll labelled MUREOV TORPHA.
The kobold shouts!
The iguana hisses angrily.
You barely miss the iguana. The iguana bites you.
You barely miss the iguana. The iguana barely misses you.
You hit the iguana but do no damage. The iguana closely misses you.
The iguana bites you.
You barely miss the iguana. The iguana misses you.
You hit the iguana.
The iguana is moderately wounded.
The iguana barely misses you.
You barely miss the iguana.
The iguana is moderately wounded.
The iguana bites you.
You closely miss the iguana.
The iguana is moderately wounded.
The iguana bites you but does no damage.
You closely miss the iguana. You punch the iguana, but do no damage.
The iguana is moderately wounded.
The iguana bites you. The iguana completely misses you.
You hit the iguana.
The iguana is heavily wounded.
The iguana barely misses you.
You slash the iguana!
The iguana is almost dead.
The iguana barely misses you.
You hit the iguana.
You kill the iguana!
Your Axes skill gained 2 levels and is now at level 3!
You have reached level 2!
You have reached level 3!
Your experience leads to an increase in your attributes!
Increase (S)trength, (I)ntelligence, or (D)exterity?
You feel stronger. x2
You barely miss the kobold.
The kobold hits you with a +2 whip of freezing.
You die...

#...[...#>.#
#.......#.#####...
#.......#.........
##.....##.##......
##...##..........
#######)##.#.##......
.....(.....#.# ##...
...........#.## ..
.......@......... .
#######K##.#.####
...###.# ..... #.#
....... #.......#
#...?...# ##.....##


You could see a kobold.

Vanquished Creatures
  An iguana (D:4)
  A goblin (D:4)
2 creatures vanquished.

Notes
Turn   | Place    | Note
-------+----------+-------------------------------------------
     0 | D:5      | qw the Gargoyle Delver began the quest for the Orb.
     0 | D:5      | Reached XP level 1. HP: 14/14 MP: 1/1
     0 | D:5      | 0 ||| qw: Version: 0.1-a-116-g5d60599
     0 | D:5      | 0 ||| qw: Game counter: 7698
     0 | D:5      | 0 ||| qw: Always use a shield: true
     0 | D:5      | 0 ||| qw: God list: Okawaru
     0 | D:5      | 0 ||| qw: Allow faded altars: false
     0 | D:5      | 0 ||| qw: Do Orc after D:15 true
     0 | D:5      | 0 ||| qw: Do second Lair branch before Depths: true
     0 | D:5      | 0 ||| qw: Lair rune preference: random
     0 | D:5      | 0 ||| qw: Plans: Normal
     0 | D:5      | 0 ||| PLANNING D:1-11
    32 | D:5      | 32 ||| DROPPING scroll of fog.
    33 | D:5      | 33 ||| DROPPING scroll of magic mapping.
    34 | D:5      | 34 ||| DROPPING scroll of fear.
    80 | D:4      | Noticed an iguana
    96 | D:4      | HP: 2/14 [iguana (2)]
    99 | D:4      | Killed an iguana
   100 | D:4      | Reached skill level 3 in Axes
   100 | D:4      | Reached XP level 2. HP: 4/19 MP: 2/2
   100 | D:4      | Reached XP level 3. HP: 5/23 MP: 3/3
   100 | D:4      | Slain by a kobold

Levels and vault maps discovered:
D:4:      kennysheep_six_static_rooms, layout_loops_ring, tso_oasis_becter,
          nemelex_diamond_rough_becter, minmay_temple_entry_antechambers,
          serial_shops, nicolae_stop_n_shop_2, hangedman_decor_growths
D:5:      layout_basic

Skill      XL: |  1 |
---------------+----+-----
Axes           | 3 |  3.1
Fighting       | |  3.2
Dodging        | |  1.5
Stealth        | |  5.4

Action                   || total
-------------------------++-------
Melee: Hand axe          ||    14
       Punch             ||     1
Armor: Leather armour    ||     1
Dodge: Dodged            ||     8

Table legend:
 A = Non-vault XP
 B = Vault XP
 C = Vault XP percentage of total XP
 D = Non-vault monster count
 E = Vault monster count
 F = Vault count percentage of total count
                 A         B        C        D         E       F
            +---------+---------+-------+---------+---------+-------
      Total |       0 |      37 | 100.0 |       0 |       2 | 100.0
            +---------+---------+-------+---------+---------+-------
        D:4 |       0 |      37 | 100.0 |       0 |       2 | 100.0
            +---------+---------+-------+---------+---------+-------
